 Dungeon Crawl Stone Soup version 0.29.1-1-gd02db6906a (webtiles) character file.

Game seed: 13278914015195517141

507429 Anriel the Hoplite (level 25, 0/162 HPs)
             Began as a Gargoyle Fighter on Oct 14, 2022.
             Was a High Priest of Okawaru.
             Slain by a harpy skeleton (9 damage)
             ... on level 1 of the Tomb of the Ancients on Oct 18, 2022.
             The game lasted 06:23:06 (51039 turns).

Anriel the Hoplite (Gargoyle Fighter)              Turns: 51039, Time: 06:23:07

Health: 0/162      AC: 66    Str: 43      XL:     25   Next: 3%
Magic:  21/43      EV: 18    Int:  5 (6)  God:    Okawaru [*****.]
Gold:   2389       SH:  5    Dex: 12 (14) Spells: 24/24 levels left

rFire   + + .      SeeInvis .   I - +9 great mace "Hobekel" {vamp, Str+2 Dex+3}
rCold   + . .      Faith    .   (shield currently unavailable)
rNeg    + + +      Spirit   .   M - +10 plate armour "Ephabbas" {Str+3 Int+2}
rPois   ∞          Reflect  +   r - +1 helmet of the Nexus {Will+ Str+4}
rElec   +          Harm     .   S - +2 cloak {rPois}
rCorr   .          Rampage  .   B - +1 pair of gloves {infuse}
Will    ++...                   T - +3 pair of mountain boots {steadfast, rC+}
Stlth   ..........              c - amulet of reflection
HPRegen 0.37/turn               Q - ring "Hoamax" {rF++ rN+++ MP+9 Int-5 Stlth-}
MPRegen 0.28/turn               b - ring of Daisies {EV+4 Str+4}

@: mighty, silenced, heroic, finesse-ful, marked, flying, hasted and slowed,
studying 2 skills
A: sickness immunity, AC +19, big wings, negative energy resistance 1,
electricity resistance, torment resistance 1, petrification resistance
}: 3/15 runes: serpentine, barnacled, silver
a: Renounce Religion


You were on level 1 of the Tomb of the Ancients.
You worshipped Okawaru.
Okawaru was extremely pleased with you.
You visited 10 branches of the dungeon, and saw 43 of its levels.
You also visited: Ossuary, Bailey and Desolation.

You collected 6847 gold pieces.
You spent 4458 gold pieces at shops.

Inventory:

Hand Weapons
 j - a +4 eveningstar of protection
 A - the +10 dire flail "Wudios" {vorpal, rF++ Will- Str+3}
   (You found it on level 5 of the Vaults)

   It inflicts extra damage upon your enemies.
   Str:       It affects your strength (+3).
   rF:        It greatly protects you from fire.
   Will:      It decreases your willpower.
 I - the +9 great mace "Hobekel" (weapon) {vamp, Str+2 Dex+3}
   (You found it on level 3 of the Elven Halls)

   It occasionally heals its wielder for a portion of the damage dealt when it
   wounds a living foe.
   Str:       It affects your strength (+2).
   Dex:       It affects your dexterity (+3).
Armour
 g - a +3 buckler of protection
 r - the +1 helmet of the Nexus (worn) {Will+ Str+4}
   (You bought it in a shop on level 2 of the Orcish Mines)

   Str:       It affects your strength (+4).
   Will:      It increases your willpower.
 B - a +1 pair of gloves of infusion (worn)
 G - +3 gold dragon scales
 M - the +10 plate armour "Ephabbas" (worn) {Str+3 Int+2}
   (Okawaru gifted it to you on level 2 of the Vaults)

   Str:       It affects your strength (+3).
   Int:       It affects your intelligence (+2).
 S - a +2 cloak of poison resistance (worn)
 T - the +3 pair of mountain boots (worn) {steadfast, rC+}
   (Okawaru gifted it to you on level 5 of the Lair of Beasts)

   It prevents involuntary movement, except for blinking, teleportation, or
   banishment.
   rC:        It protects you from cold.
Jewellery
 b - the ring of Daisies (right hand) {EV+4 Str+4}
   (You acquired it on level 8 of the Dungeon)

   [ring of evasion]

   EV:        It affects your evasion (+4).
   Str:       It affects your strength (+4).
 c - an amulet of reflection (around neck)
 i - a ring of willpower
 p - a ring of protection from cold
 F - a ring of protection from fire
 J - a ring of see invisible
 Q - the ring "Hoamax" (left hand) {rF++ rN+++ MP+9 Int-5 Stlth-}
   (You bought it in a shop on level 3 of the Snake Pit)

   [ring of magical power]

   Int:       It affects your intelligence (-5).
   rF:        It greatly protects you from fire.
   rN:        It renders you almost immune to negative energy.
   MP:        It affects your magic capacity (+9).
   Stlth:     It makes you less stealthy.
 Z - a ring of resist corrosion
Wands
 k - a wand of flame (52) (quivered)
 m - a wand of mindburst (20)
 o - a wand of paralysis (56)
 q - a wand of acid (16)
 L - a wand of iceblast (31)
 N - a wand of polymorph (29)
Scrolls
 h - 4 scrolls of blinking
 s - a scroll of fear
 y - 5 scrolls of immolation
 U - 3 scrolls of silence
 V - 16 scrolls of teleportation
 Y - 7 scrolls of magic mapping
Potions
 e - a potion of resistance
 f - 8 potions of curing
 n - 17 potions of attraction
 t - 6 potions of magic
 v - 3 potions of cancellation
 w - 2 potions of berserk rage
 K - a potion of ambrosia
Miscellaneous
 a - a lightning rod (4/4)
 D - a condenser vane


   Skills:
 + Level 17.8(22.8) Fighting
 + Level 21.4(26.4) Maces & Flails
 + Level 14.0(19.0) Throwing
 * Level 20.6(25.6) Armour
 + Level 6.5(11.5) Dodging
 + Level 2.4(7.4) Stealth
 * Level 23.1(27) Shields
 + Level 14.7 Invocations
 + Level 9.7 Evocations


You had 24 spell levels left.
You didn't know any spells.
Your spell library contained the following spells:

 Spells                   Type           Power      Damage    Failure   Level
 Apportation              Tloc           0%         N/A       75%         1
 Beastly Appendage        Tmut           0%         N/A       75%         1
 Necrotise                Necr           0%         1d4       75%         1
 Sandblast                Erth           0%         2d4       75%         1
 Slow                     Hex            0%         N/A       75%         1
 Blink                    Tloc           0%         N/A       86%         2
 Passwall                 Tmut/Erth      0%         N/A       86%         2
 Poisonous Vapours        Pois/Air       0%         N/A       86%         2
 Scorch                   Fire           0%         2d5       86%         2
 Static Discharge         Conj/Air       0%         3-3/arc   86%         2
 Wereblood                Tmut           0%         N/A       86%         2
 Confusing Touch          Hex            0%         N/A       98%         3
 Conjure Flame            Conj/Fire      0%         6-21      98%         3
 Dazzling Flash           Conj/Hex       0%         N/A       98%         3
 Frozen Ramparts          Ice            0%         1d1       98%         3
 Ignite Poison            Fire/Tmut/Pois 0%         N/A       98%         3
 Lesser Beckoning         Tloc           0%         N/A       98%         3
 Ozocubu's Armour         Ice            0%         N/A       98%         3
 Portal Projectile        Hex/Tloc       0%         N/A       98%         3
 Spider Form              Tmut/Pois      0%         N/A       98%         3
 Stone Arrow              Conj/Erth      0%         3d7       98%         3
 Vampiric Draining        Necr           0%         2d6       98%         3
 Airstrike                Air            0%         2d(0-16)  100%        4
 Corpse Rot               Necr/Pois/Air  0%         N/A       100%        4
 Flame Wave               Conj/Fire      0%         2d4       100%        4
 Fulminant Prism          Conj/Hex       0%         3d6       100%        4
 Hailstorm                Conj/Ice       0%         3d3       100%        4
 Ice Form                 Ice/Tmut       0%         N/A       100%        4
 Iskenderun's Mystic Bla  Conj/Tloc      0%         2d3       100%        4
 Leda's Liquefaction      Hex/Erth       0%         N/A       100%        4
 Petrify                  Tmut/Erth      0%         N/A       100%        4
 Sticky Flame             Conj/Fire      0%         2d3       100%        4
 Agony                    Necr           0%         N/A       100%        5
 Blade Hands              Tmut           0%         N/A       100%        5
 Borgnjor's Vile Clutch   Necr/Erth      0%         N/A       100%        5
 Irradiate                Conj/Tmut      0%         3d11      100%        5
 Iskenderun's Battlesphe  Conj           0%         2d6       100%        5
 Lee's Rapid Deconstruct  Erth           0%         3d5*      100%        5
 Lightning Bolt           Conj/Air       0%         1d11      100%        5
 Manifold Assault         Tloc           0%         N/A       100%        5
 Silence                  Hex/Air        0%         N/A       100%        5
 Yara's Violent Unravell  Hex/Tmut       0%         3d3       100%        5
 Eringya's Noxious Bog    Tmut/Pois      0%         N/A       100%        6
 Iron Shot                Conj/Erth      0%         9d1       100%        6
 Starburst                Conj/Fire      0%         6d3       100%        6
 Dragon Form              Tmut           0%         N/A       100%        7
 Enfeeble                 Hex            0%         N/A       100%        7
 Ozocubu's Refrigeration  Ice            0%         4d7       100%        7
 Storm Form               Tmut/Air       0%         N/A       100%        7
 Borgnjor's Revivificati  Necr           0%         N/A       100%        8
 Disjunction              Tloc           0%         N/A       100%        8
 Lehudib's Crystal Spear  Conj/Erth      0%         10d2      100%        8
 Maxwell's Capacitive Co  Air            0%         ∞         100%        8
 Necromutation            Tmut/Necr      0%         N/A       100%        8
 Death's Door             Necr           0%         N/A       100%        9
 Polar Vortex             Ice            0%         N/A       100%        9
 Summon Small Mammal      Summ           Unusable   N/A       N/A         1
 Sublimation of Blood     Necr           Unusable   N/A       N/A         2
 Summon Guardian Golem    Hex/Summ       Unusable   N/A       N/A         3
 Tukima's Dance           Hex            Unusable   N/A       N/A         3
 Animate Armour           Summ/Erth      Unusable   N/A       N/A         4
 Summon Ice Beast         Ice/Summ       Unusable   N/A       N/A         4
 Summon Lightning Spire   Summ/Air       Unusable   N/A       N/A         4
 Simulacrum               Ice/Necr       Unusable   N/A       N/A         6
 Statue Form              Tmut/Erth      Unusable   N/A       N/A         6
 Summon Cactus Giant      Summ           Unusable   N/A       N/A         6
 Spellforged Servitor     Conj/Summ      Unusable   N/A       N/A         7

Dungeon Overview and Level Annotations

Branches:
Dungeon (15/15)            Temple (1/1) D:7            Lair (5/5) D:11
 Shoals (4/4) Lair:2        Snake (4/4) Lair:2        Slime (0/5) Lair:5
    Orc (2/2) D:12            Elf (3/3) Orc:2        Vaults (5/5) D:13
  Crypt (3/3) Vaults:2       Tomb (1/3) Crypt:3      Depths (0/4) D:15
Ossuary (visited)          Bailey (visited)         Desolation (visited)

Altars:
Ashenzari
Cheibriados
Dithmenos
Elyvilon
Fedhas
Gozag
Hepliaklqana
Kikubaaqudgha
Makhleb
Nemelex Xobeh
Okawaru
Qazlal
Ru
Sif Muna
Trog
Uskayaw
Vehumet
Wu Jian
Xom
Yredelemnul
Zin
The Shining One
Jiyva

Shops:
D:2 [   D:4 :   D:5 [   D:12 [(=   Orc:2 ([*[   Elf:2 ([(?   Shoals:1 *[(*
Shoals:4 *   Snake:2 :(   Snake:3 =:=   Vaults:1 (   Vaults:3 (   Vaults:4 ?

Annotations:
Snake:2 2 transporters, Zioptaf's ghost, adept DjCA
Elf:2 5 runed translucent doors
Crypt:3 3 runed translucent doors, Osipn's ghost, veteran MiGl


Innate Abilities, Weirdness & Mutations

You are immune to sickness and miasma.
Your stone body is resilient. (AC +19)
You are immune to poison.
Your large and strong wings let you fly.
You resist negative energy. (rN+)
You are resistant to electric shocks. (rElec)
You are resistant to unholy torment.
You are immune to petrification.


Message History

The emperor scorpion misses you.
The emperor scorpion claws you but does no damage.
The death scarab bites you but does no damage.
The death scarab closely misses you.
The death scarab bites you but does no damage.
You bludgeon the death scarab!!
The death scarab is almost destroyed.
The emperor scorpion seems to regain its courage.
The death scarab completely misses you. The death scarab closely misses you.
The death scarab bites you but does no damage.
The death scarab bites you!
* * * LOW HITPOINT WARNING * * *
The death scarab drains your vigour!
You feel yourself slow down. The sixfirhy barely misses you.
The death scarab barely misses you.
A harpy skeleton comes into view.
You feel yourself speed up. You block the death scarab's attack.
The death scarab bites you!
* * * LOW HITPOINT WARNING * * *
The death scarab drains your vigour!
You feel as though you will be slow longer.
The sixfirhy misses you.
The sixfirhy hits you but does no damage.
The mummy priest calls down the wrath of its god upon you.
Something smites you!
* * * LOW HITPOINT WARNING * * *
The sixfirhy hits you but does no damage.
You block the sixfirhy's attack. You block the death scarab's attack.
The sixfirhy hits you!
* * * LOW HITPOINT WARNING * * *
The sixfirhy shocks you. You resist.
* * * LOW HITPOINT WARNING * * *
The death scarab closely misses you. The sixfirhy barely misses you.
The harpy skeleton misses you.
The harpy skeleton claws you but does no damage.
Okay, then.
Magic scrolls do not work when you're silenced!
You feel better. You block the sixfirhy's attack.
The death scarab closely misses you. The harpy skeleton claws you!
You die...

.# #....M..# .# #zW.....# .#
#s8...8.# .# #...WM..# .#
#.nW....# .# #.s...8.#
.##################sM.....#######
.................B.zz............
...............Z@3s.8...8........
.................B...............
.................................
........†........................
.....................⌠.⌠.........
.................................
.................................
.................................
.................................


You could see a royal mummy, 3 emperor scorpions, a mummy priest, a phantasmal
warrior (summoned), a freezing wraith (summoned), a sixfirhy (summoned), 2 death
scarabs, 2 flying skulls and a harpy skeleton.

Vanquished Creatures
  2 dread liches (Vaults:5)
  Mennas (Crypt:3)
  A royal mummy (Tomb:1)
  Bai Suzhen (Crypt:3)
  A curse toe (Crypt:3)
  Nikola (Snake:1)
  3 golden dragons (Vaults:5)
  The ghost of Keqots the Devastator, a veteran GrEE of Lugonu (Crypt:1)
  A profane servitor (Crypt:3)
  Zenata (Crypt:3)
  A shard shrike zombie (Crypt:3)
  2 tentacled monstrosities (Vaults:5)
  A lich (Crypt:3)
  2 deep elf master archers (Elf:3)
  3 deep elf blademasters
  A quicksilver dragon (Vaults:5)
  A titan (Vaults:5)
  A kraken (Shoals:2)
  Gastronok (D:8)
  Polyphemus (Shoals:3)
  7 ancient champions
  18 sphinxes
  4 shadow dragons
  4 tengu reavers (Vaults:5)
  Ilsuiw (Shoals:3)
  5 nagarajas (Snake:4)
  2 storm dragons (Vaults:5)
  8 revenants
  Donald (Shoals:1)
  2 fire giants
  Roxanne (Snake:1)
  6 orc warlords
  10 vault wardens
  12 deep elf sorcerers
  A frost giant (Vaults:5)
  2 imperial myrmidons (Desolation)
  2 iron dragons (Vaults:5)
  2 deep elf elementalists (Elf:3)
  Aizul (Snake:4)
  2 angels (Vaults:3)
  2 ghouls
  A curse skull (Crypt:2)
  A caustic shrike zombie (Crypt:3)
  A reaper (Crypt:2)
  17 ironbound preservers
  6 war gargoyles
  A broodmother (shapeshifter) (Vaults:5)
  3 stone giants
  12 very ugly things
  8 ironbound thunderhulks
  5 vampire knights
  6 deep elf demonologists
  2 bennus (Tomb:1)
  4 entropy weavers
  7 deep elf annihilators
  2 halazid warlocks (Desolation)
  8 dire elephants
  6 merfolk javelineers
  13 deep elf death magi
  2 eidola
  8 merfolk impalers
  7 mummy priests
  A fire dragon (D:15)
  3 crystal guardians
  A deep elf high priest (Elf:3)
  15 jiangshi
  Josephine (Snake:1)
  18 yaktaur captains
  6 ragged hierophants (Desolation)
  7 hydras
  7 servants of whispers (Desolation)
  3 salamander tyrants (Snake:4)
  4 great orbs of eyes
  30 vault guards
  A caustic shrike simulacrum (Crypt:3)
  3 ogre magi
  An ice dragon (D:15)
  8 boulder beetles
  5 alligator snapping turtles
  3 catoblepae
  9 peacekeepers
  2 merfolk avatars
  Erica (D:8)
  11 anacondas
  2 death knights
  6 ironbound frosthearts
  17 centaur warriors
  A two-headed ogre (shapeshifter) (Vaults:5)
  4 merfolk aquamancers
  12 two-headed ogres
  15 dancing weapons
  17 naga warriors
  3 satyrs (Shoals:4)
  6 vampire magi
  4 tengu warriors
  3 death yaks (Shoals:3)
  Urug (Orc:1)
  10 naga sharpshooters
  2 deep troll earth magi (Vaults:5)
  10 shock serpents
  A soul eater (Crypt:1)
  An orc high priest (D:9)
  17 deep elf knights
  9 skeletal warriors
  A shadow wraith (Crypt:1)
  3 fire crabs
  7 salamander mystics
  A fire crab (shapeshifter) (Vaults:5)
  A goliath frog (Lair:5)
  10 sea snakes
  6 naga ritualists
  A glowing orange brain (Vaults:3)
  32 deep trolls
  6 flayed ghosts
  5 lindwurms
  17 deep elf archers
  30 deep elf pyromancers
  A ghost moth zombie (Crypt:2)
  4 wizards
  12 phantasmal warriors
  A fenstrider witch simulacrum (Tomb:1)
  38 deep elf zephyrmancers
  18 ironbound convokers
  2 necromancers
  16 orc knights
  34 harpies
  2 orc sorcerers (Orc:2)
  Pikel (D:7)
  2 fire giant zombies
  22 manticores
  8 mana vipers
  A stone giant zombie (Crypt:2)
  13 fauns
  27 salamanders
  21 ugly things
  20 merfolk sirens
  5 cyclopes
  8 guardian serpents
  10 elephants (Lair:5)
  8 water nymphs
  19 naga magi
  32 black mambas
  21 cane toads
  21 vault sentinels
  A naga skeleton (Crypt:3)
  2 torpor snails (Lair:5)
  Maggie (D:6)
  A gargoyle (D:13)
  A torpor snail (shapeshifter) (Vaults:5)
  An unseen horror (D:11)
  36 yaktaurs
  6 kobold demonologists
  2 efreet (D:13)
  A dire elephant skeleton (Crypt:1)
  5 rime drakes
  6 komodo dragons
  2 human skeletons
  An alligator snapping turtle skeleton (Crypt:1)
  A queen bee (shapeshifter) (D:13)
  36 merfolk
  A red draconian skeleton (Crypt:3)
  5 freezing wraiths
  A hornet (Vaults:5)
  19 guardian mummies
  An iron troll skeleton (Crypt:3)
  3 polar bears (Lair:5)
  A merfolk (shapeshifter) (D:15)
  9 meliai
  6 trolls
  A tarantella (Vaults:2)
  26 slime creatures
  3 tyrant leeches (Lair:5)
  27 blink frogs
  A raiju (shapeshifter) (Elf:3)
  12 wind drakes
  2 dream sheep (Shoals:3)
  46 saltlings (Desolation)
  A centaur simulacrum (D:13)
  10 snapping turtles
  A jumping spider (Vaults:3)
  A shadow (D:12)
  A vampire (D:13)
  13 water elementals
  Sigmund (D:3)
  An air elemental (Elf:3)
  A black mamba zombie (Crypt:3)
  3 wyverns
  11 flying skulls
  9 wraiths
  A fire elemental (Elf:3)
  37 yaks
  3 fire bats (Shoals:1)
  4 ushabtiu
  4 basilisks
  16 humans
  2 steam dragons
  5 redbacks
  Menkaure (D:6)
  A redback (shapeshifter) (D:13)
  7 vampire mosquitoes
  43 nagas
  4 wargs
  6 swamp worms (Lair:4)
  A glowing shapeshifter zombie (Vaults:1)
  3 acid dragons
  An ogre skeleton (Vaults:1)
  Duvessa (D:7)
  13 water moccasins
  A floating eye (shapeshifter) (Vaults:5)
  A demonspawn skeleton (Crypt:1)
  50 orc warriors
  3 black bears
  A black bear (shapeshifter) (D:15)
  A floating eye zombie (Crypt:1)
  An ice beast (D:7)
  A glowing shapeshifter skeleton (Crypt:2)
  A hornet zombie (Crypt:1)
  3 sky beasts
  A snapping turtle zombie (Crypt:1)
  3 wolves (Lair:2)
  12 ogres
  A wolf (shapeshifter) (Vaults:5)
  A snapping turtle skeleton (Crypt:1)
  9 centaurs
  A lemure (D:6)
  A manticore skeleton (Crypt:2)
  A fire crab zombie (Crypt:1)
  A phantom (D:6)
  A vine stalker zombie (Crypt:3)
  An elf zombie (Ossuary)
  3 kobold brigands
  A human zombie (Vaults:1)
  13 bullfrogs
  A cyclops zombie (Crypt:2)
  2 earth elementals
  3 necrophages
  2 gnoll sergeants
  5 wights (D:9)
  A shapeshifter zombie (Crypt:2)
  Dowan (D:7)
  24 killer bees
  2 warg skeletons (Crypt:3)
  2 electric eels
  4 howler monkeys
  6 hounds
  2 jellies
  A basilisk zombie (Crypt:2)
  32 orc priests
  A basilisk skeleton (Crypt:3)
  6 hell rats (Lair:4)
  3 iguanas
  26 orc wizards
  A killer bee zombie (Crypt:3)
  3 hound zombies (Ossuary)
  17 mummies
  A hound skeleton (Crypt:2)
  16 gnolls
  A gnoll (shapeshifter) (Vaults:5)
  7 adders
  A shadow imp (D:6)
  3 white imps
  An ufetubus (D:5)
  A jelly zombie (Crypt:2)
  An adder skeleton (Crypt:3)
  A worm (D:4)
  2 dart slugs
  105 orcs
  14 ball pythons
  5 bats
  7 endoplasms
  A giant cockroach (D:1)
  A gnoll zombie (Ossuary)
  20 goblins
  13 hobgoblins
  3 jackals (D:4)
  3 quokkas
  2 frilled lizards (D:3)
  2 goblin zombies
  A jackal skeleton (Crypt:3)
  3 jackal zombies (Ossuary)
  37 kobolds
  2 kobold zombies
  An orc zombie (Ossuary)
  A quokka zombie (D:4)
  5 rats
  A rat zombie (Ossuary)
  8 briar patches (Lair:4)
  2 tentacles (Shoals:2)
2011 creatures vanquished.

Vanquished Creatures (others)
  An ironbound thunderhulk (Vaults:4)
  A vault guard (Vaults:5)
  A salamander (Snake:3)
  A guardian mummy (Crypt:3)
  A fire elemental (Elf:2)
  A gnoll (D:7)
  27 fungi
  160 plants
  22 tentacles (Shoals:2)
215 creatures vanquished.

Grand Total: 2226 creatures vanquished

Notes
Turn   | Place    | Note
-------+----------+-------------------------------------------
     0 | D:1      | Anriel the Gargoyle Fighter began the quest for the Orb.
     0 | D:1      | Reached XP level 1. HP: 14/14 MP: 1/1
    41 | D:1      | Reached XP level 2. HP: 14/19 MP: 2/2
   346 | D:1      | Reached XP level 3. HP: 21/23 MP: 3/3
   347 | D:1      | Noticed a floating eye
   348 | D:1      | Noticed a shining eye
   350 | D:1      | Found a faded altar of an unknown god.
   351 | D:1      | Noticed a shining eye
   351 | D:1      | Noticed a shining eye
   808 | D:2      | Found Budel's Antique Armour Boutique.
   943 | D:2      | Reached XP level 4. HP: 25/29 MP: 4/4
  1588 | D:3      | Noticed a sky beast
  1589 | D:3      | Noticed Sigmund
  1669 | D:2      | Killed a sky beast
  1670 | D:2      | Reached skill level 4 in Shields
  1670 | D:2      | Reached XP level 5. HP: 13/33 MP: 5/5
  1977 | D:3      | Found an ornate altar of the Wu Jian Council.
  2526 | D:4      | Found a sand-covered staircase.
  2546 | Ossuary  | Entered an ossuary
  2562 | Ossuary  | Reached XP level 6. HP: 36/38 MP: 6/6
  2602 | Ossuary  | Reached skill level 1 in Dodging
  2997 | D:4      | Reached skill level 1 in Throwing
  3030 | D:4      | Reached skill level 5 in Maces & Flails
  3050 | D:4      | Reached XP level 7. HP: 32/43 MP: 7/7
  3096 | D:4      | Found Sosuluis's Vocational Training.
  3246 | D:4      | Found an iron altar of Okawaru.
  3266 | D:4      | Became a worshipper of Warmaster Okawaru
  3705 | D:3      | Killed Sigmund
  3706 | D:3      | Reached skill level 1 in Stealth
  3706 | D:3      | Reached XP level 8. HP: 47/48 MP: 8/8
  3918 | D:2      | Bought a jet-studded scale mail for 180 gold pieces
  3918 | D:2      | Identified the +4 scale mail of Happy Babbling {Rampage rF+
                  | Will+ Str-3} (You bought it in a shop on level 2 of the
                  | Dungeon)
  3991 | D:5      | Entered Level 5 of the Dungeon
  4007 | D:5      | Reached skill level 5 in Armour
  4094 | D:5      | Found Diruexoadd's Armour Shop.
  4229 | D:5      | Reached * piety under Okawaru
  4230 | D:5      | Reached skill level 5 in Shields
  4275 | D:5      | HP: 3/72 [ogre/+0 giant club (19)]
  4589 | D:5      | Found a radiant altar of Vehumet.
  4995 | D:6      | Noticed Menkaure
  5021 | D:6      | Killed Menkaure
  5022 | D:6      | Reached skill level 1 in Invocations
  5137 | D:6      | Noticed Maggie
  5152 | D:6      | Killed Maggie
  5152 | D:6      | Reached ** piety under Okawaru
  5153 | D:6      | Reached skill level 6 in Shields
  5153 | D:6      | Reached XP level 9. HP: 16/53 MP: 9/11
  5741 | D:7      | Noticed Pikel
  5770 | D:7      | Killed Pikel
  5771 | D:7      | Reached skill level 5 in Fighting
  5821 | D:7      | Found a staircase to the Ecumenical Temple.
  5827 | Temple   | Entered the Ecumenical Temple
  5866 | D:7      | Noticed Duvessa
  5868 | D:7      | Noticed Dowan
  5875 | D:7      | Killed Duvessa
  5875 | D:7      | Reached *** piety under Okawaru
  5884 | D:7      | Killed Dowan
  6156 | D:7      | Reached skill level 7 in Shields
  6715 | D:7      | Found a burning altar of Makhleb.
  6898 | D:8      | Reached XP level 10. HP: 56/59 MP: 11/13
  6950 | D:8      | Noticed Erica
  6959 | D:8      | Killed Erica
  6959 | D:8      | Reached **** piety under Okawaru
  6994 | D:8      | Noticed a two-headed ogre
  7005 | D:8      | Killed a two-headed ogre
  7006 | D:8      | Reached skill level 5 in Invocations
  7206 | D:8      | Found a flagged portal.
  7222 | Bailey   | Entered a bailey
  7314 | Bailey   | Noticed an orc warlord
  7484 | Bailey   | Found a runed translucent gate.
  7484 | Bailey   | Found a runed translucent gate.
  7484 | Bailey   | Found a runed translucent gate.
  7777 | Bailey   | Killed an orc warlord
  7778 | Bailey   | Reached skill level 8 in Shields
  7808 | Bailey   | Identified the +3 war axe "Beetleslayer" {freeze, SInv}
  7969 | D:8      | Acquired the ring of Daisies {EV+4 Str+4}
  8202 | D:8      | Noticed Gastronok
  8227 | D:8      | Killed Gastronok
  8228 | D:8      | Reached XP level 11. HP: 32/64 MP: 15/15
  8765 | D:9      | Found a sacrificial altar of Ru.
  8776 | D:9      | Noticed a two-headed ogre
  8786 | D:9      | Killed a two-headed ogre
  8786 | D:9      | Reached ***** piety under Okawaru
  8934 | D:9      | Noticed a two-headed ogre
  8941 | D:9      | Killed a two-headed ogre
  8941 | D:9      | Received a gift from Okawaru
  8942 | D:9      | Reached skill level 5 in Throwing
  8942 | D:9      | Reached skill level 9 in Shields
  9004 | D:9      | Found a transporter.
  9011 | D:9      | Found a transporter.
  9019 | D:9      | Noticed an orc high priest
  9130 | D:9      | Found a shadowy altar of Dithmenos.
  9364 | D:9      | Identified the +0 pair of boots of the Hart {Rampage}
                  | (Okawaru gifted it to you on level 9 of the Dungeon)
  9364 | D:9      | Received a gift from Okawaru
  9688 | D:9      | Noticed a fire crab
  9896 | D:9      | Noticed a sun demon
  9907 | D:9      | Killed an orc high priest
  9922 | D:9      | Noticed a sixfirhy
 10071 | D:9      | Killed a fire crab
 10185 | D:10     | Entered Level 10 of the Dungeon
 10287 | D:10     | Reached skill level 1 in Evocations
 10289 | D:10     | Reached XP level 12. HP: 63/71 MP: 17/17
 11071 | D:10     | Found a white marble altar of Elyvilon.
 11540 | D:11     | Found a staircase to the Lair.
 12236 | D:12     | Found a staircase to the Orcish Mines.
 12252 | D:12     | Noticed a centaur warrior
 12269 | D:12     | Killed a centaur warrior
 12270 | D:12     | Reached skill level 10 in Maces & Flails
 12270 | D:12     | Reached skill level 10 in Shields
 12289 | D:12     | Found Paukhaqo's Antique Armour Boutique.
 12292 | D:12     | Noticed a boulder beetle
 12316 | D:12     | Killed a boulder beetle
 12319 | D:12     | Bought a heavily runed chain mail for 266 gold pieces
 12319 | D:12     | Identified the +6 chain mail of Repulsion {Harm rF- Regen+}
                  | (You bought it in a shop on level 12 of the Dungeon)
 12366 | D:12     | Bought a pair of glowing gloves for 210 gold pieces
 12450 | D:12     | Found Bumaf's Antique Weapon Emporium.
 12462 | D:12     | Noticed a two-headed ogre
 12483 | D:12     | Killed a two-headed ogre
 12576 | D:12     | Noticed a boulder beetle
 12598 | D:12     | Killed a boulder beetle
 12598 | D:12     | Received a gift from Okawaru
 12609 | D:12     | Found Qerorurph's Jewellery Shop.
 13178 | D:12     | Noticed a boulder beetle
 13203 | D:12     | Killed a boulder beetle
 13344 | D:13     | Noticed a centaur warrior
 13344 | D:13     | Noticed a two-headed ogre
 13344 | D:13     | Found a gate to the Vaults.
 13360 | D:12     | Killed a two-headed ogre
 13368 | D:12     | Reached skill level 10 in Armour
 13445 | D:12     | Killed a centaur warrior
 13446 | D:12     | Reached XP level 13. HP: 55/77 MP: 19/19
 13463 | D:12     | Received a gift from Okawaru
 13530 | D:13     | Found a runed translucent door.
 13530 | D:13     | Found a runed translucent door.
 13530 | D:13     | Found a runed translucent door.
 13614 | D:13     | Reached skill level 11 in Shields
 13962 | D:13     | Identified the +0 pair of gloves of the Barnacle {rElec
                  | MP+9 Int-3} (Okawaru gifted it to you on level 13 of the
                  | Dungeon)
 13962 | D:13     | Received a gift from Okawaru
 14081 | D:13     | Identified the +4 ring mail of the Carpenter {+Blink rN++
                  | Str-2 Int+4}
 14127 | D:13     | Identified the +6 shortbow of Ashenzari {flame, rElec Str+2
                  | Int+4}
 14700 | D:13     | Reached skill level 10 in Invocations
 14906 | D:13     | Gained mutation: Your large and strong wings let you fly.
                  | [Gargoyle growth]
 14906 | D:13     | Reached XP level 14. HP: 45/84 MP: 17/22
 14990 | D:14     | Received a gift from Okawaru
 15096 | D:14     | Received a gift from Okawaru
 15097 | D:14     | Reached skill level 12 in Shields
 16146 | D:15     | Entered Level 15 of the Dungeon
 16195 | D:15     | Found a staircase to the Depths.
 16371 | D:15     | Identified the +1 chain mail of Untruth {Harm rElec Will+
                  | Int-4} (Okawaru gifted it to you on level 15 of the
                  | Dungeon)
 16371 | D:15     | Received a gift from Okawaru
 17294 | Lair:1   | Entered Level 1 of the Lair of Beasts
 17311 | Lair:1   | Identified the +0 leather armour of Dishonesty {Int+3
                  | Dex+2}
 17759 | Lair:2   | Found a staircase to the Snake Pit.
 17982 | Lair:2   | Found a staircase to the Shoals.
 18004 | Lair:2   | You are sucked into a shaft and drop 2 floors!
 18174 | Lair:4   | Reached XP level 15. HP: 71/90 MP: 24/24
 18247 | Lair:4   | Reached skill level 13 in Shields
 18471 | Lair:4   | Found a transporter.
 18542 | Lair:4   | Found a transporter.
 18557 | Lair:4   | Received a gift from Okawaru
 19199 | Lair:3   | Identified the +1 ring mail of the Tundras {rElec}
 19696 | Lair:2   | Received a gift from Okawaru
 20314 | Lair:5   | Entered Level 5 of the Lair of Beasts
 20485 | Lair:5   | Reached skill level 5 in Dodging
 20641 | Lair:5   | Received a gift from Okawaru
 20641 | Lair:5   | Found the +3 pair of mountain boots {steadfast, rC+}
 20654 | Lair:5   | Found a staircase to the Slime Pits.
 20654 | Lair:5   | Found a viscous altar of Jiyva.
 20688 | Lair:5   | Reached skill level 14 in Shields
 20695 | Lair:5   | Reached ****** piety under Okawaru
 21772 | Orc:1    | Entered Level 1 of the Orcish Mines
 22023 | Orc:1    | Noticed Urug
 22032 | Orc:1    | Killed Urug
 22176 | Orc:2    | Entered Level 2 of the Orcish Mines
 22429 | Orc:2    | Reached XP level 16. HP: 96/96 MP: 25/25
 22582 | Orc:2    | Found a staircase to the Elven Halls.
 22759 | Orc:2    | Found Gasechab's Antique Armour Shop.
 22765 | Orc:2    | Bought a shiny buckler for 135 gold pieces
 22765 | Orc:2    | Bought a brightly glowing helmet for 171 gold pieces
 22765 | Orc:2    | Identified the +1 helmet of the Nexus {Will+ Str+4} (You
                  | bought it in a shop on level 2 of the Orcish Mines)
 22858 | Orc:2    | Found Yhucib's General Store.
 22872 | Orc:2    | Bought a wand of iceblast (6) for 158 gold pieces
 23022 | Orc:2    | Found Ucudyuc's Antique Weapon Shoppe.
 23024 | Orc:2    | Found Luurilof's Antique Armour Emporium.
 23048 | Orc:2    | Bought a pair of runed boots for 247 gold pieces
 23048 | Orc:2    | Bought a twisted scale mail for 297 gold pieces
 23048 | Orc:2    | Identified the +5 scale mail of Fyneimy {Str+6 Int+6} (You
                  | bought it in a shop on level 2 of the Orcish Mines)
 23048 | Orc:2    | Bought a crude ring mail for 297 gold pieces
 23048 | Orc:2    | Identified the +1 ring mail "Ybibeqas" {rElec Regen+ Dex+4
                  | Stlth-} (You bought it in a shop on level 2 of the Orcish
                  | Mines)
 23577 | Shoals:1 | Entered Level 1 of the Shoals
 23710 | Lair:4   | Identified the +1 helmet of Qiqapoc {rCorr}
 23725 | Lair:4   | Identified the +0 battleaxe "Nisyquom" {freeze, rN+}
 24144 | Shoals:1 | Received a gift from Okawaru
 24216 | Shoals:1 | Identified the +4 ring mail of the Weak God {rPois rC+}
                  | (Okawaru gifted it to you on level 1 of the Shoals)
 24216 | Shoals:1 | Received a gift from Okawaru
 24217 | Shoals:1 | Reached skill level 5 in Evocations
 24242 | Shoals:1 | Reached skill level 15 in Shields
 24339 | Shoals:1 | Found Coegimoi's Visitors' Centre.
 24348 | Shoals:1 | Found Coegimoi's Merfolk Armours.
 24358 | Shoals:1 | HP: 1/96 [merfolk/+0 trident (18)]
 24638 | Shoals:1 | Found Coegimoi's Merfolk Weapons.
 24638 | Shoals:1 | Found Coegimoi's Merfolk Magic.
 25006 | Shoals:2 | Noticed Donald
 25084 | Shoals:1 | Killed Donald
 25085 | Shoals:1 | Reached skill level 10 in Throwing
 25204 | Shoals:2 | Noticed a kraken
 25405 | Shoals:2 | Identified the +0 scale mail of the Untouchables {rPois
                  | rC++ rCorr Str-2}
 25420 | Shoals:2 | Identified the +8 great sword "Ogreslayer" {elec, Drain rF+
                  | Str+9 Int-4}
 25649 | Shoals:2 | Killed a kraken
 26030 | Shoals:3 | Reached skill level 10 in Fighting
 26032 | Shoals:3 | Received a gift from Okawaru
 26032 | Shoals:3 | Found the +8 whip "Snakebite" {venom, curare, rPois}
 26095 | Shoals:3 | Reached XP level 17. HP: 96/102 MP: 17/26
 26107 | Shoals:3 | Noticed Polyphemus
 26122 | Shoals:3 | Killed Polyphemus
 26178 | Shoals:3 | Reached skill level 16 in Shields
 26351 | Shoals:3 | Received a gift from Okawaru
 26403 | Shoals:3 | Noticed Ilsuiw
 26439 | Shoals:3 | Killed Ilsuiw
 26664 | D:15     | Acquired 1108 gold pieces
 27293 | Shoals:4 | Entered Level 4 of the Shoals
 27488 | Shoals:4 | Received a gift from Okawaru
 27534 | Shoals:4 | Received a gift from Okawaru
 27535 | Shoals:4 | Reached skill level 15 in Maces & Flails
 27548 | Shoals:4 | Got a barnacled rune of Zot
 27631 | Shoals:4 | Found Fearuy's Gadget Gallery.
 27849 | Shoals:4 | Bought a lightning rod (4/4) for 540 gold pieces
 27849 | Shoals:4 | Bought a wand of iceblast (3) for 129 gold pieces
 27849 | Shoals:4 | Bought a wand of mindburst (10) for 252 gold pieces
 27865 | Shoals:4 | Received a gift from Okawaru
 27866 | Shoals:4 | Reached skill level 17 in Shields
 28102 | Shoals:4 | Reached XP level 18. HP: 95/108 MP: 27/27
 28409 | Shoals:4 | Received a gift from Okawaru
 28792 | Snake:1  | Entered Level 1 of the Snake Pit
 29029 | Snake:1  | Noticed Josephine
 29035 | Snake:1  | Killed Josephine
 29174 | Snake:1  | Noticed Roxanne
 29185 | Snake:1  | Killed Roxanne
 29277 | Snake:1  | Noticed Nikola
 29291 | Snake:1  | Killed Nikola
 29552 | Snake:2  | Identified the +2 helmet "Lolivog" {rF+}
 29567 | Snake:2  | Noticed Zioptaf's ghost (adept DjCA)
 29576 | Snake:2  | Found a transporter.
 29578 | Snake:2  | Identified the ring of Vupelyh {rElec Int+3 Slay+4}
 29582 | Snake:2  | Found a transporter.
 29604 | Snake:2  | Reached skill level 15 in Armour
 29791 | Snake:2  | Found Agiusmoi's Book Emporium.
 29806 | Snake:2  | Found Aruehu's Weapon Shoppe.
 30668 | Snake:3  | Received a gift from Okawaru
 30680 | Snake:3  | Identified the +2 scale mail "Benuw" {*Corrode rElec
                  | Stlth+}
 30953 | Snake:3  | Found Aburutt's Jewellery Emporium.
 30954 | Snake:3  | Found Huomemp's Book Boutique.
 30961 | Snake:3  | Found Zoigediv's Jewellery Emporium.
 30968 | Snake:3  | Bought a ring of see invisible for 210 gold pieces
 30972 | Snake:3  | Bought the ring "Hoamax" {rF++ rN+++ MP+9 Int-5 Stlth-} for
                  | 643 gold pieces
 31467 | Snake:4  | Entered Level 4 of the Snake Pit
 31489 | Snake:4  | Noticed Aizul
 31506 | Snake:4  | Killed Aizul
 31542 | Snake:4  | Received a gift from Okawaru
 31932 | Snake:4  | Reached skill level 18 in Shields
 31934 | Snake:4  | Reached XP level 19. HP: 115/115 MP: 28/28
 32004 | Snake:4  | Received a gift from Okawaru
 32592 | Snake:4  | Received a gift from Okawaru
 32676 | Snake:4  | Received a gift from Okawaru
 32864 | Snake:4  | Got a serpentine rune of Zot
 33205 | Elf:1    | Entered Level 1 of the Elven Halls
 33242 | Elf:1    | Reached skill level 19 in Shields
 33436 | Elf:1    | Received a gift from Okawaru
 33917 | Elf:1    | Received a gift from Okawaru
 34435 | Elf:2    | Reached XP level 20. HP: 64/122 MP: 29/29
 34564 | Elf:2    | Found Evymogh's Antique Weapon Shoppe.
 34565 | Elf:2    | Identified the +9 battleaxe of Wijuv {drain, *Noise rPois
                  | rC+ Str+3}
 34688 | Elf:2    | Found Dyletupaff's Magic Scroll Boutique.
 34694 | Elf:2    | Bought a scroll of fear for 68 gold pieces
 34694 | Elf:2    | Bought a scroll of enchant weapon for 127 gold pieces
 34694 | Elf:2    | Bought a scroll of teleportation for 51 gold pieces
 34694 | Elf:2    | Bought a scroll of teleportation for 51 gold pieces
 34783 | Elf:2    | Found a huge runed translucent gate.
 34783 | Elf:2    | Found a huge runed translucent gate.
 34783 | Elf:2    | Found a huge runed translucent gate.
 34789 | Elf:2    | Found a huge runed translucent gate.
 34789 | Elf:2    | Found a huge runed translucent gate.
 34955 | Elf:2    | Found Enea's Armour Boutique.
 34967 | Elf:2    | Identified the +7 quarterstaff of Wyrd {flame, rF- Int+4
                  | Dex+4}
 34988 | Elf:2    | Found Cuedwuwn's Antique Weapon Emporium.
 35105 | Elf:3    | Entered Level 3 of the Elven Halls
 35195 | Elf:3    | Reached skill level 20 in Shields
 35293 | Elf:3    | Received a gift from Okawaru
 35450 | Elf:3    | Noticed a Brimstone Fiend
 35463 | Elf:3    | Identified the +10 mace of the Imperium {elec, rF- Will+
                  | Str+6 Int+2} (Okawaru gifted it to you on level 3 of the
                  | Elven Halls)
 35463 | Elf:3    | Received a gift from Okawaru
 35688 | Elf:3    | Identified the ring of Figaryir {*Corrode Will+ AC+4 Str+4
                  | Int+6}
 35754 | Elf:3    | Identified the +0 helmet of the Tormentor {*Corrode rN++
                  | Dex+4 Slay+2}
 35787 | Elf:3    | Identified the +9 great sword "Juygg" {freeze, Dex+4}
 35799 | Elf:3    | Got the Handbook of Reformed Execration
 35800 | Elf:3    | Identified the +8 battleaxe of Red Wine {freeze, Str+5
                  | Dex+4}
 35805 | Elf:3    | Identified the ring "Ufipot Vuaza" {rPois rN+ Will+}
 35811 | Elf:3    | Identified the +9 great mace "Hobekel" {vamp, Str+2 Dex+3}
 35812 | Elf:3    | Identified the +4 spear "Tyunam" {drain, rPois rF- MP+9
                  | Dex+7}
 37450 | Vaults:1 | Entered Level 1 of the Vaults
 37505 | Vaults:1 | Found Okhlodad's Weapon Shop.
 37520 | Vaults:1 | Received a gift from Okawaru
 37688 | Vaults:1 | Reached XP level 21. HP: 128/128 MP: 31/31
 39286 | Vaults:2 | Received a gift from Okawaru
 39366 | Vaults:2 | Identified the +10 plate armour "Ephabbas" {Str+3 Int+2}
                  | (Okawaru gifted it to you on level 2 of the Vaults)
 39366 | Vaults:2 | Received a gift from Okawaru
 39890 | Vaults:2 | Identified the +7 arbalest of the Telling Rat {flame,
                  | rPois}
 39947 | Vaults:2 | Found a staircase to the Crypt.
 39947 | Vaults:2 | Found a basalt altar of Yredelemnul.
 39947 | Vaults:2 | Found an ancient bone altar of Kikubaaqudgha.
 40792 | Vaults:3 | Found a glowing silver altar of Zin.
 40793 | Vaults:3 | Found a crumbling gateway.
 40793 | Vaults:3 | Found a glowing golden altar of the Shining One.
 40806 | Vaults:3 | Found a white marble altar of Elyvilon.
 40828 | Vaults:3 | Reached skill level 21 in Shields
 40837 | Desolati | Entered the Desolation of Salt
 40869 | Desolati | Identified the ring of Piej {Str+6 Int+2}
 40939 | Desolati | Got the Handbook of Transmigration
 41031 | Desolati | Reached XP level 22. HP: 136/136 MP: 32/32
 41065 | Desolati | Identified the +0 crystal plate armour of the Beginning
                  | {Dex+4} (Okawaru gifted it to you in the Desolation of
                  | Salt)
 41065 | Desolati | Received a gift from Okawaru
 41131 | Desolati | HP: 4/136 [peacekeeper (10)]
 41653 | Desolati | Identified the ring "Rumotoir" {rN+ Int+6}
 41664 | Desolati | Got the Lessons on Frigorific Damage Dealing
 41675 | Desolati | Got the Spellbook of Misery
 42778 | Vaults:3 | Received a gift from Okawaru
 42896 | Vaults:3 | Identified the +1 plate armour of Femixotiss {Dex+2}
                  | (Okawaru gifted it to you on level 3 of the Vaults)
 42896 | Vaults:3 | Received a gift from Okawaru
 42956 | Vaults:3 | Found Urphaufij's Weapon Shoppe.
 43208 | Vaults:4 | Found Ywkep's Magic Scroll Boutique.
 43227 | Vaults:4 | Bought a scroll of enchant armour for 142 gold pieces
 43227 | Vaults:4 | Bought a scroll of enchant armour for 142 gold pieces
 43227 | Vaults:4 | Bought a scroll of enchant armour for 142 gold pieces
 43945 | Vaults:4 | Identified the +7 plate armour of Spring {Will- rCorr
                  | Dex+3}
 44498 | Vaults:5 | Entered Level 5 of the Vaults
 44569 | Vaults:4 | Reached XP level 23. HP: 94/143 MP: 33/33
 44690 | Vaults:5 | Reached skill level 15 in Fighting
 44739 | Vaults:5 | Received a gift from Okawaru
 44790 | Vaults:5 | Noticed a golden dragon
 44802 | Vaults:5 | Killed a golden dragon
 44818 | Vaults:5 | Noticed a dread lich
 44820 | Vaults:5 | Paralysed by a dread lich for 5 turns
 44832 | Vaults:5 | Killed a dread lich
 44868 | Vaults:5 | Reached skill level 22 in Shields
 45170 | Vaults:5 | Identified the amulet "Eseppoj" {RegenMP rElec Int-5 Dex+2}
 45176 | Vaults:5 | Identified the +1 helmet of Poor Excuses {+Inv Slay+2}
                  | (Okawaru gifted it to you on level 5 of the Vaults)
 45176 | Vaults:5 | Received a gift from Okawaru
 45199 | Vaults:5 | Got a silver rune of Zot
 45218 | Vaults:5 | Identified the +1 leather armour of Moral Flaws {rN+ MP+9
                  | Slay+2}
 45808 | Vaults:5 | Noticed a golden dragon
 45808 | Vaults:5 | Identified the +7 mace "Erghoinu" {venom, Will- Str+5 SInv}
 45820 | Vaults:5 | Killed a golden dragon
 45828 | Vaults:5 | Killed a ghostly golden dragon
 45894 | Vaults:5 | Noticed a golden dragon
 45905 | Vaults:5 | Killed a golden dragon
 46042 | Vaults:5 | Noticed a dread lich
 46070 | Vaults:5 | Killed a dread lich
 46108 | Vaults:5 | Identified the +10 dire flail "Wudios" {vorpal, rF++ Will-
                  | Str+3}
 46851 | Crypt:1  | Entered Level 1 of the Crypt
 46992 | Crypt:1  | Reached XP level 24. HP: 144/153 MP: 30/33
 47379 | Crypt:1  | Found a runed translucent gate.
 47468 | Crypt:1  | Found a runed translucent gate.
 47468 | Crypt:1  | Found a runed translucent gate.
 47471 | Crypt:1  | Noticed Keqots's ghost (veteran GrEE)
 47517 | Crypt:1  | Killed Keqots's ghost
 47534 | Crypt:1  | Identified the +1 ring mail of the Pits of Slime {Dex+2}
                  | (Okawaru gifted it to you on level 1 of the Crypt)
 47534 | Crypt:1  | Received a gift from Okawaru
 48551 | Crypt:2  | Identified the +0 pair of boots of Zafehif {*Slow rPois rN+
                  | Dex+8}
 48729 | Crypt:3  | Entered Level 3 of the Crypt
 48729 | Crypt:3  | Noticed Bai Suzhen
 48748 | Crypt:3  | Killed Bai Suzhen
 48757 | Crypt:3  | Killed the ghostly Bai Suzhen
 48769 | Crypt:3  | Noticed Zenata
 48991 | Crypt:3  | Killed Zenata
 49235 | Crypt:3  | Noticed Mennas
 49262 | Crypt:3  | Killed Mennas
 49564 | Crypt:3  | Identified the ring "Secid" {Contam rF+++ rN+ Will- Dex+3}
 49656 | Crypt:3  | Received a gift from Okawaru
 49662 | Crypt:3  | Found a staircase to the Tomb.
 49828 | Crypt:3  | Found a runed translucent gate.
 49828 | Crypt:3  | Found a runed translucent gate.
 49828 | Crypt:3  | Found a runed translucent gate.
 49829 | Crypt:3  | Noticed Osipn's ghost (veteran MiGl)
 49899 | Crypt:3  | Identified the amulet "Gumaim" {rElec rPois rC- Will+
                  | Regen+}
 49947 | Crypt:3  | Found a basalt altar of Yredelemnul.
 49948 | Crypt:3  | Identified the ring of Lady Luck {rC+ rN+ Will- SInv}
 49950 | Crypt:3  | Noticed a curse toe
 49962 | Crypt:3  | Killed a curse toe
 49965 | Crypt:3  | Received a gift from Okawaru
 49970 | Crypt:3  | Found an ancient bone altar of Kikubaaqudgha.
 50052 | Crypt:3  | Got the Handbook of Fate
 50055 | Crypt:3  | Identified the ring of Beocon {Ice Int+4}
 50590 | Tomb:1   | Entered Level 1 of the Tomb of the Ancients
 50707 | Tomb:1   | Reached skill level 23 in Shields
 50999 | Tomb:1   | Noticed a royal mummy
 51011 | Tomb:1   | Noticed a royal mummy
 51014 | Tomb:1   | Killed a royal mummy
 51015 | Tomb:1   | Reached XP level 25. HP: 49/162 MP: 21/34
 51038 | Tomb:1   | HP: 7/162 [sixfirhy[a mummy priest] (9)]
 51039 | Tomb:1   | Slain by a harpy skeleton

Illustrated notes

Levels and vault maps discovered:
D:1:      minmay_arrival_four_circles, layout_basic,
          hellmonk_ecumenical_altar_watching_god, minmay_misc_feat_pillars
D:2:      layout_loops_ring, serial_shops, shop_statue, chequers_arboretum,
          serial_park_tiny_2
D:3:      layout_loops_ring, nicolae_wu_jian_immortal_techniques,
          chequers_serial_rivers_micro_a, solitary_fountain, uniq_sigmund
D:4:      layout_rooms, kennysheep_mini, enter_ossuary_4, minmay_misc_feat_rows,
          nicolae_shop_vocational
D:5:      layout_loops_cross, mainiacjoe_overflow_catwalk, serial_shops,
          nicolae_stop_n_shop_2
D:6:      layout_basic, uniq_maggie, uniq_menkaure
D:7:      layout_basic, makhleb_heckhound_becter, minmay_temple_entry_grid,
          sigmund_army, uniq_duvessa, uniq_pikel
D:8:      layout_basic, enter_bailey_5, eino_jars, uniq_erica, uniq_gastronok
D:9:      gammafunk_wand_slinger, layout_basic,
          grunt_dithmenos_smoke_and_mirrors, nicolae_ru_awakened_eye
D:10:     layout_grid_maze, mainiacjoe_overflow_cross_hatched
D:11:     layout_basic, lair_entry_dummy
D:12:     layout_stronghold, hiddenorc1_lemuel, serial_shops,
          nicolae_take_the_stairs, nicolae_shop_advertising_works
          [nicolae_subvault_shop_adworks], shop
D:13:     minmay_the_grid_triangle_9x9_rhombus_full_mashed
          [minmay_the_grid_triangle_9x9_fully_insulated_deathbox,
          minmay_the_grid_triangle_9x9_stretched_checkered,
          minmay_the_grid_triangle_9x9_empty,
          minmay_the_grid_triangle_9x9_empty,
          minmay_the_grid_triangle_9x9_zippers_vertical,
          minmay_the_grid_triangle_9x9_pentomino_pain,
          minmay_the_grid_triangle_9x9_impossible_snake,
          minmay_the_grid_triangle_9x9_prize_schism], layout_loops_ring,
          david_vaults_3, serial_co_window_serial, co_window_of_opportunity_a,
          co_window_paths_a, co_window_of_opportunity_a, co_window_paths_a,
          co_window_corner_a, co_window_broadway_c, co_window_cross_4,
          co_window_paths_c, co_window_broadway_b, glass_columns_a
D:14:     layout_stronghold, minmay_misc_feat_enclosed, minmay_fractal_squares_5
D:15:     grunt_enter_depths_hoard, layout_long_grid,
          hangedman_abyss_or_decor_lesser_grid
Temple:   nicolae_temple_no_exploring_needed
Lair:1:   layout_hall_layers, chequers_serial_rivers_room_a,
          grunt_forest_small_clearing_treed
Lair:2:   layout_cave_pods, minmay_shoals_entry_hut, guppyfry_snake_entry_garden
Lair:3:   layout_regular_city, infiniplex_staircase_pool, lemuel_fruit_fields,
          lemuel_fruit_tree
Lair:4:   gammafunk_worm_tunnel, layout_concentric_octagons
Lair:5:   minmay_lair_end_frog_pond, layout_long_grid, slime_entry_1,
          minivault_11, nicolae_lair_grove_arrangements
Shoals:1: nicolae_shoals_mermall, layout_shoals, hangedman_shoal_volcano
Shoals:2: layout_shoals, nicolae_shoals_so_close, uniq_donald
Shoals:3: layout_shoals, uniq_polyphemus, uniq_ilsuiw
Shoals:4: shoals_end_simple, layout_shoals, nicolae_shop_gadgets
Snake:1:  layout_onion, nicolae_integral_box, uniq_roxanne, uniq_nikola,
          uniq_josephine
Snake:2:  layout_grid_maze, gammafunk_ghost_arena, minmay_shoptagon
Snake:3:  layout_grid_shapes, minmay_shop_grove
Snake:4:  grunt_snake_rune_serpentine_throne, layout_gridlike, uniq_aizul
Orc:1:    layout_diamond_mine, minmay_orc_keep, uniq_urug
Orc:2:    grunt_orc_community_town_hall, layout_caves,
          grunt_orc_community_big_house_2, grunt_orc_community_big_house_2,
          grunt_orc_community_house_1, grunt_orc_community_house_2,
          grunt_orc_community_house_3, grunt_orc_community_house_3,
          grunt_orc_community_house_1
Elf:1:    minmay_elf_arrival_plus, layout_loops_corners, minivault_28,
          minivault_25_ag
Elf:2:    elven_hall_of_blades_hangedman_alternative
          [nicolae_blade_entry_pointy_end], layout_loops_cross, serial_shops,
          nicolae_shop_behind_doors, shop, nicolae_diamond_shop, shop, drop_trap
Elf:3:    elf_hall, layout_onion_city, amcnicky_mini_pool_small
Vaults:1: dpeg_vaults_monster_box, vaults_room_fours,
          nicolae_vaults_specimen_jars, nicolae_vaults_big_angled_halls,
          ontoclasm_vaults_idyll, vaults_room_grunt_arrival_checkpoint,
          grunt_vaults_trifunnel, vaults_dpeg_doors, v_rooms_4,
          ontoclasm_vaults_pinch, layout_vaults_omnigrid
Vaults:2: minmay_crypt_entry_necro_gods, nicolae_vaults_yaktaur_gun_rack,
          ontoclasm_vaults_ring_square, nicolae_vaults_an_arrangement,
          nicolae_vaults_network_star, vaults_standard_mumra_lines,
          nicolae_vaults_rhombus_6, hangedman_vaults_corner, v_misc_24,
          nicolae_vaults_little_squares_2, nicolae_vaults_theta,
          vaults_mumra_minichess_inversion, nicolae_vaults_border_crossing,
          nicolae_vaults_theta, vaults_room_door_ring, layout_vaults_omnibox
Vaults:3: portal_desolation_entry_holy_temple, v_misc_27,
          nicolae_vaults_little_ls, v_misc_30, nicolae_vaults_alarming,
          vaults_mumra_hexcomb, v_misc_2, v_misc_29, vaults_room_semicircle,
          nicolae_vaults_little_squares_4, ontoclasm_vaults_misaligned,
          special_room_vaults [special_room_orc], vaults_room_hallway,
          ontoclasm_vaults_ring_small, layout_vaults_maze_bifur, serial_shops,
          nicolae_shop_bloodbath_and_beyond
Vaults:4: nicolae_vaults_little_squares_6, hangedman_vaults_nodes,
          vaults_room_large_hall, hangedman_vaults_pinch, vaults_room_boxed,
          grunt_vaults_funnel, nicolae_vaults_circle_grid_a, v_misc_28,
          hangedman_vaults_stretched_pinwheel, layout_vaults_omnicross,
          serial_shops, nicolae_shop_stone
Vaults:5
Crypt:1:  layout_basic, gammafunk_ghost_spectres, grunt_megastairs_4
Crypt:2:  layout_misc_corridors
Crypt:3:  lightli_unholy_cathedral, layout_chaotic_city,
          tomb_entry_pyramid_bobbens, gammafunk_ghost_necromancy, uniq_mennas,
          uniq_bai_suzhen, uniq_zenata
Tomb:1

Skill      XL: |  1  2  3  4  5  6  7  8  9 10 11 12 13 14 15 16 17 18 19 20 21 22 23 24 |
---------------+-------------------------------------------------------------------------+-----
Maces & Flails | 3 4 5 6 8 9 10 11 12 13 14 15 16 18 19 20 21 | 21.4
Armour         | 4 6 8 9 10 11 12 13 14 15 16 17 18 19 20 | 20.6
Shields        | 4 6 7 8 9 10 11 12 14 15 17 18 19 20 21 22 23 | 23.1
Fighting       | 4 5 6 7 8 9 10 11 12 13 14 16 17 | 17.8
Dodging        | 1 2 3 4 5 6 |  6.5
Throwing       | 1 2 3 4 5 6 7 8 9 10 11 13 14 | 14.0
Stealth        | 1 2 |  2.4
Invocations    | 2 4 6 7 9 10 12 13 14 | 14.7
Evocations     | 1 2 4 6 7 8 9 |  9.7

Action                   |  1- 3 |  4- 6 |  7- 9 | 10-12 | 13-15 | 16-18 | 19-21 | 22-24 | 25-27 || total
-------------------------+-------+-------+-------+-------+-------+-------+-------+-------+-------++-------
Melee: Flail             |   116 |   239 |   395 |   687 |       |       |       |       |       ||  1437
       Morningstar       |       |       |       |    62 |   580 |       |       |       |       ||   642
       Eveningstar       |       |       |       |       |   343 |  1231 |   628 |       |       ||  2202
       Great mace        |       |       |       |       |       |       |   558 |  1811 |    10 ||  2379
Throw: Throwing net      |       |     2 |       |       |       |       |       |     6 |       ||     8
       Javelin           |       |       |    12 |       |       |       |       |       |       ||    12
       Boomerang         |       |       |    19 |   224 |   374 |   466 |   338 |    59 |       ||  1480
Invok: Heroism           |       |       |     3 |    16 |    17 |    16 |    16 |    16 |       ||    84
       Finesse           |       |       |       |       |     4 |     9 |    13 |    14 |       ||    40
Evoke: Wand              |       |       |       |    23 |       |       |    28 |    28 |     1 ||    80
       Lightning rod     |       |       |       |       |       |     4 |     8 |     3 |       ||    15
  Use: Potion            |       |     2 |    10 |    10 |     6 |    14 |    16 |    15 |     5 ||    78
       Scroll            |       |     9 |    12 |    10 |     9 |     8 |     7 |     8 |     3 ||    66
 Stab: Invisible         |       |       |     1 |       |       |       |       |       |       ||     1
       Distracted        |       |       |       |     1 |       |       |       |       |       ||     1
Armor: Scale mail        |    54 |   115 |   191 |   403 |       |       |       |       |       ||   763
       Skin              |       |   174 |    37 |       |       |       |       |       |       ||   211
       Chain mail        |       |       |       |    63 |   426 |   659 |   371 |       |       ||  1519
       Plate armour      |       |       |       |       |       |       |   243 |  1386 |    16 ||  1645
Dodge: Dodged            |    54 |   115 |   174 |   625 |   512 |   718 |   443 |   920 |    22 ||  3583
Block: Buckler           |    23 |    87 |   117 |   318 |   154 |   878 |   433 |       |       ||  2010
       Tower shield      |       |       |       |       |   510 |    34 |       |       |       ||   544
       Reflection        |       |       |       |       |       |    71 |   101 |    11 |       ||   183
       Other             |       |       |       |       |       |       |    93 |   333 |     5 ||   431
